 Dungeon Crawl Stone Soup version 0.17.1-3-g152610e (webtiles) character file.

113 Heskey the Skirmisher (level 4, -7/30 HPs)
             Began as a Gargoyle Fighter on Mar 23, 2016.
             Was a Follower of Makhleb.
             Mangled by an ogre
             ... wielding a +0 giant spiked club
              (16 damage)
             ... on level 4 of the Dungeon.
             The game lasted 00:04:36 (2341 turns).

Heskey the Skirmisher (Gargoyle Fighter)            Turns: 2341, Time: 00:04:37

Health: -7/30      AC:  3    Str: 21    XL:     4   Next: 96%
Magic:  4/4        EV:  8    Int:  8    God:    Makhleb [*.....]
Gold:   159        SH: 10    Dex:  9    Spells: 0 memorised, 3 levels left

rFire  . . .     SeeInvis .     r - +0 morningstar
rCold  . . .     Clarity  .     (no armour)
rNeg   + . .     SustAt   .     c - +1 shield
rPois  ∞         Gourm    .     (no helmet)
rElec  +         Spirit   .     (no cloak)
rCorr  .         Warding  .     (no gloves)
rMut   .         Stasis   .     (no boots)
MR     .....                    (no amulet)
Stlth  +.........               (no ring)
                                (no ring)

@: not resistant to hostile enchantments, very unstealthy
A: negative energy resistance 1, electricity resistance, unbreathing,
petrification resistance, rot immunity, AC +3
a: Renounce Religion


You were on level 4 of the Dungeon.
You worshipped Makhleb.
Makhleb was aware of your devotion.
You were hungry.

You visited 1 branch of the dungeon, and saw 4 of its levels.

You collected 159 gold pieces.

Inventory:

Hand Weapons
 r - a +0 morningstar (weapon)
Armour
 c - a +1 shield (worn)
Wands
 m - a wand of digging (8)
Scrolls
 j - a scroll of enchant armour
 o - 2 scrolls of identify
Potions
 b - 3 potions of agility
 f - a potion of curing
 p - a potion of cancellation {unknown}
Comestibles
 e - 2 bread rations


   Skills:
 * Level 4.5 Fighting
 * Level 3.4 Maces & Flails
 + Level 4.0 Armour
 - Level 3.2 Shields


You had 3 spell levels left.
You didn't know any spells.

Dungeon Overview and Level Annotations

Branches:
Dungeon (4/15)
 Temple: D:4-7

Altars:
Makhleb
Trog


Innate Abilities, Weirdness & Mutations

You are resistant to torment.
Your stone body is resilient (AC +3).
You are immune to poison.
You resist negative energy.
You are resistant to electric shocks.
You can survive without breathing.
You are immune to petrification.
You are immune to rotting.


Message History

The hound bites you.
You puncture the hound!
The hound is severely wounded.
The hound bites you.
* * * LOW HITPOINT WARNING * * *
You block the hound's attack.
You are too injured to fight recklessly!
You are too injured to fight recklessly!
You are too injured to fight recklessly!
Your shield prevents you from hitting the hound.
The hound is severely wounded.
The hound closely misses you. The ogre barely misses you.
The hound closely misses you.
You puncture the hound!
You kill the hound!
Makhleb accepts your kill.
You can now gain health from killing.
Your Armour skill increases to level 4!
The ogre hits you with a giant spiked club!
Ouch! That really hurt!
You die...

.#.#.#.#.#.#.#.#.##
#.#.#.#.#.#.#.#.#.#
.#.#.#.#.#.#.#?#.##
.#.#.#.#.#.#.#.#.#
.#+#.#.#.#.#$#†##
..#####...##.# ..
#... #.# #.. #O#
)... #@# .### #.#
#.# ..# #.# ... .##
.


You could see an ogre.

Vanquished Creatures
  A hound (D:4)
  4 adders
  A worm (D:3)
  2 giant geckos (D:2)
  A giant cockroach (D:1)
  7 hobgoblins
  2 jackals (D:2)
  5 kobolds
  6 bats
  4 giant newts
  7 goblins
  A quokka skeleton (D:4)
  6 rats
47 creatures vanquished.

Notes
Turn   | Place    | Note
--------------------------------------------------------------
     0 | D:1      | Heskey the Gargoyle Fighter began the quest for the Orb.
     0 | D:1      | Reached XP level 1. HP: 14/14 MP: 1/1
   483 | D:1      | Reached XP level 2. HP: 19/19 MP: 2/2
  1083 | D:2      | Reached XP level 3. HP: 24/24 MP: 3/3
  1205 | D:2      | Found a burning altar of Makhleb.
  1205 | D:2      | Noticed a balrug
  1208 | D:2      | Noticed an orange demon
  1208 | D:2      | Noticed a neqoxec
  1252 | D:2      | Became a worshipper of Makhleb the Destroyer
  1282 | D:2      | Reached skill level 4 in Fighting
  1546 | D:3      | Reached XP level 4. HP: 27/29 MP: 4/4
  1686 | D:3      | Found a bloodstained altar of Trog.
  2231 | D:4      | Noticed an ogre
  2341 | D:4      | Reached * piety under Makhleb
  2341 | D:4      | Mangled by an ogre

Action                   |  1- 3 |  4- 6 || total
-------------------------+-------+-------++-------
Melee: Flail             |   150 |    46 ||   196
       Morningstar       |       |     9 ||     9
Evoke: Wand              |       |     1 ||     1
  Use: Scroll            |     7 |     5 ||    12
       Potion            |       |     2 ||     2
  Eat: Chunk             |     2 |     1 ||     3
       Pizza             |       |     1 ||     1
